 Dungeon Crawl Stone Soup version 0.18-a0-824-g47fe746 (webtiles) character file.

13 JokEr the Insei (level 2, -5/18 HPs)
             Began as an Octopode Transmuter on Dec 17, 2015.
             Slain by a kobold
             ... wielding a +0 whip
              (6 damage)
             ... on level 1 of the Dungeon.
             The game lasted 00:00:38 (378 turns).

JokEr the Insei (Octopode Transmuter)                Turns: 378, Time: 00:00:38

Health: -5/18      AC:  1    Str:  9    XL:     2   Next: 37%
Magic:  4/5        EV: 12    Int: 15    God:
Gold:   30         SH:  0    Dex: 12    Spells: 1 memorised, 4 levels left

rFire  . . .     SeeInvis .       - Unarmed
rCold  . . .     Gourm    .     (no shield)
rNeg   . . .     Faith    .     (helmet restricted)
rPois  .         Spirit   .     (no amulet)
rElec  .         Dismiss  .     (no ring)
rCorr  .         Reflect  .     (no ring)
SustAt .         Harm     .     (no ring)
MR     .....                    (no ring)
Stlth  ++........               (no ring)
                                (no ring)
                                (no ring)
                                (no ring)

@: appendage, not resistant to hostile enchantments, unstealthy
A: almost no armour, amphibious, 8 rings, constrict 8, tentacle spike 3,
camouflage 1, gelatinous body 1
a: End Transformation


You were on level 1 of the Dungeon.
You were not hungry.
One of your tentacles had a temporary spike.
You visited 1 branch of the dungeon, and saw 1 of its levels.

You collected 30 gold pieces.

Inventory:

Missiles
 a - 12 arrows
Scrolls
 d - a scroll of magic mapping {unknown}
 e - 2 scrolls of teleportation {unknown}
 f - a scroll of fog {unknown}
Potions
 g - a potion of curing {unknown}
Books
 b - a book of Changes

   Spells                             Type                      Level
   a - Beastly Appendage              Transmutation                1
   b - Sticks to Snakes               Transmutation                2
   c - Spider Form                    Transmutation/Poison         3
   d - Ice Form                       Ice/Transmutation            4
   e - Blade Hands                    Transmutation                5
Comestibles
 c - 2 bread rations
 h - 4 fruits


   Skills:
 + Level 1.1 Fighting
 - Level 2.0 Dodging
 + Level 3.3 Unarmed Combat
 - Level 2.0 Spellcasting
 + Level 2.4 Transmutations


You had 4 spell levels left.
You knew the following spells:

 Your Spells              Type           Power        Failure   Level  Hunger
a - Beastly Appendage     Trmt           #.....       12%         1    #......


Dungeon Overview and Level Annotations

Branches:
Dungeon (1/15)

Altars:


Innate Abilities, Weirdness & Mutations

You cannot wear most types of armour.
You are amphibious.
You can wear up to eight rings at the same time.
You can use your tentacles to constrict eight enemies at once.
Your skin changes colour to match your surroundings (Stealth).
Your rubbery body absorbs attacks (AC +1).
One of your tentacles bears a large vicious spike.


Message History

You constrict the hobgoblin, but do no damage.
The hobgoblin hits you with a club.
You tentacle-slap the hobgoblin.
The hobgoblin is moderately wounded.
You constrict the hobgoblin. The hobgoblin hits you with a club.
You tentacle-slap the hobgoblin but do no damage.
The hobgoblin is severely wounded.
You constrict the hobgoblin, but do no damage.
The hobgoblin hits you with a club.
You tentacle-slap the hobgoblin but do no damage.
The hobgoblin is severely wounded.
You constrict the hobgoblin, but do no damage.
The kobold hits you with a whip.
* * * LOW HITPOINT WARNING * * *
The rat bites you.
* * * LOW HITPOINT WARNING * * *
You tentacle-slap the hobgoblin.
You kill the hobgoblin!
The kobold hits you with a whip.
You die...

......†.........#
#..#...........#.>>.....
...............#........
.....#....>.............
........####.##.........
........# #..##......
.....#..# ##.##....#
.......# #.##r)g.#...
#..#...######.^#@K......
.....................###
....#....####....##.##
......##..............
....###################
#####.............#####
#.......#######)......###
.....###.......###......##
..###.............###....#


You could see a hobgoblin, a kobold and a rat.

Vanquished Creatures
  2 bats (D:1)
  5 hobgoblins (D:1)
  2 giant geckos (D:1)
  2 giant newts (D:1)
  A goblin (D:1)
  A kobold (D:1)
13 creatures vanquished.

Notes
Turn   | Place    | Note
--------------------------------------------------------------
     0 | D:1      | JokEr the Octopode Transmuter began the quest for the Orb.
     0 | D:1      | Reached XP level 1. HP: 13/13 MP: 3/3
   123 | D:1      | Reached XP level 2. HP: 12/18 MP: 5/5
   378 | D:1      | Slain by a kobold

Vault maps used:
D:1:      dpeg_arrival_oval, hangedman_decor_points, minmay_misc_feat_plants

Action                   || total
-------------------------++-------
Melee: Unarmed           ||    25
 Cast: Beastly Appendage ||     3
 Stab: Sleeping          ||     1
